 Dungeon Crawl Stone Soup version 0.31-a0-819-gf6de2f5ab6 (webtiles) character file.

Game seed: 4424915873175931290

42 qw the Shooter (level 3, -1/22 HPs)
             Began as a Gargoyle Hunter on Sept 23, 2023.
             Slain by Terence
             ... wielding a +2 trident of protection
              (5 damage)
             ... on level 2 of the Dungeon.
             The game lasted 00:00:24 (823 turns).

qw the Shooter (Gargoyle Hunter)                     Turns: 823, Time: 00:00:24

Health: -1/22      AC:  8    Str: 20    XL:     3   Next: 56%
Magic:  3/3        EV: 11    Int:  9    God:
Gold:   38         SH:  0    Dex: 15    Spells: 2/2 levels left

rFire   . . .        Y - +1 shortbow
rCold   . . .        (shield currently unavailable)
rNeg    + . .        d - +0 ring mail
rPois   inf          (no helmet)
rElec   +            (no cloak)
rCorr   .            (no gloves)
SInv    .            (no boots)
Will    .....        e - amulet of regeneration
Stlth   +            l - +6 ring of strength
HPRegen 1.03/turn    (no ring)
MPRegen 0.08/turn

%: no passive effects
@: no status effects
A: sickness immunity, AC +3, negative energy resistance 1, electricity
resistance, torment resistance 1, petrification resistance
a: no special abilities


You were on level 2 of the Dungeon.
You visited 1 branch of the dungeon, and saw 2 of its levels.

You collected 38 gold pieces.


Innate Abilities, Weirdness & Mutations

You are immune to sickness and miasma.
Your stone body is resilient. (AC +3)
You are immune to poison.
You resist negative energy. (rN+)
You are resistant to electric shocks. (rElec)
You are resistant to unholy torment.
You are immune to petrification.


   Skills:
 - Level 2.5 Fighting
 - Level 5.0 Ranged Weapons
 + Level 0.4 Armour
 - Level 1.5 Dodging
 - Level 1.1 Stealth


You had 2 spell levels left.
You didn't know any spells.
Your spell library was empty.

Inventory:

Hand Weapons
 Y - a +1 shortbow (weapon)
Armour
 d - a +0 ring mail (worn)
Jewellery
 e - an amulet of regeneration (around neck)
 l - a +6 ring of strength (left hand)
Potions
 a - a potion of resistance {unknown}
 g - a potion of mutation {unknown}
 i - a potion of lignification {unknown}
 k - a potion of ambrosia {unknown}

Dungeon Overview and Level Annotations

Branches:
Dungeon (2/15)

Altars:

Annotations:
D:2 Terence


Message History

The arrow hits Terence but does no damage.
Terence is heavily wounded.
The quokka barely misses you.
The quokka bites you but does no damage.
Terence hits you with a +2 trident of protection.
You shoot an arrow.
The arrow hits Terence but does no damage.
Terence is heavily wounded.
The quokka bites you but does no damage.
Terence barely misses you.
You shoot an arrow. The arrow hits Terence!
Terence is almost dead.
The quokka bites you but does no damage.
Terence barely misses you. The quokka barely misses you.
You shoot an arrow. The arrow barely misses Terence.
Terence hits you with a +2 trident of protection.
The quokka barely misses you.
Terence hits you with a +2 trident of protection.
The quokka completely misses you.
You shoot an arrow. The arrow barely misses Terence.
The quokka barely misses you.
Terence hits you with a +2 trident of protection.
You shoot an arrow.
The arrow hits Terence but does no damage.
Terence is almost dead.
The quokka barely misses you.
Terence hits you with a +2 trident of protection.
The quokka misses you.
You shoot an arrow.
The arrow hits Terence but does no damage.
Terence is almost dead.
Terence hits you with a +2 trident of protection.
The quokka closely misses you.
You shoot an arrow. The arrow hits Terence.
Terence is almost dead.
Terence hits you with a +2 trident of protection.
The quokka bites you but does no damage.
The quokka misses you.
Terence hits you with a +2 trident of protection.
You die...

.# .## ### ..### #..
....###### #.#
..#......###.#
..######..##.#######
..................!.
...#######...#######.##.
##)..# #....#...@r.%....
##..........###@...###
###..##.### ....# #.#
#.. !...# #. #... ...##
# ..#. #..# .## .## .#


You could see Terence and a quokka.

Vanquished Creatures
  3 dart slugs (D:1)
  3 endoplasms (D:1)
  A giant cockroach (D:1)
  3 goblins
  5 hobgoblins (D:1)
  2 jackals (D:2)
  3 quokkas (D:1)
  3 ball pythons (D:1)
  4 bats (D:1)
  A frilled lizard (D:2)
  2 kobolds (D:1)
  4 rats (D:1)
34 creatures vanquished.

Notes
Turn   | Place    | Note
-------+----------+-------------------------------------------
     0 | D:1      | qw the Gargoyle Hunter began the quest for the Orb.
     0 | D:1      | Reached XP level 1. HP: 12/12 MP: 1/1
     0 | D:1      | 0 ||| qw: Version: 0.3-a-83-gcd0e7d8
     0 | D:1      | 0 ||| qw: Game counter: 1569
     0 | D:1      | 0 ||| qw: Melee chars always use a shield: true
     0 | D:1      | 0 ||| qw: God list: Okawaru
     0 | D:1      | 0 ||| qw: Allow faded altars: false
     0 | D:1      | 0 ||| qw: Do Orc after clearing Dungeon:15 true
     0 | D:1      | 0 ||| qw: Do second Lair branch before Depths: true
     0 | D:1      | 0 ||| qw: Lair rune preference: random
     0 | D:1      | 0 ||| qw: Goals: Normal
     0 | D:1      | 0 ||| PLANNING D:1-11
   191 | D:1      | Reached XP level 2. HP: 17/17 MP: 2/2
   352 | D:1      | Reached XP level 3. HP: 21/21 MP: 3/3
   397 | D:1      | Reached skill level 5 in Ranged Weapons
   561 | D:1      | Found a faded altar of an unknown god.
   691 | D:1      | 691 ||| UPGRADING to +0 ring mail.
   701 | D:1      | 701 ||| DROPPING +0 leather armour.
   702 | D:1      | 702 ||| UPGRADING to amulet of regeneration.
   707 | D:1      | 707 ||| UPGRADING to +6 ring of strength.
   708 | D:1      | 708 ||| READING scroll labelled BOCWIHEARY.
   709 | D:1      | 709 ||| READING scroll labelled QARUIXT XABB.
   710 | D:1      | 710 ||| DRINKING 2 ruby potions.
   711 | D:1      | 711 ||| DROPPING scroll of butterflies.
   805 | D:2      | Noticed Terence
   812 | D:2      | HP: 5/22 [Terence/+2 trident of protection (1)]
   813 | D:2      | 813 ||| DRINKING potion of heal wounds.
   823 | D:2      | HP: 4/22 [Terence/+2 trident of protection (4)]
   823 | D:2      | Slain by Terence

Levels and vault maps discovered:
D:1:      dpeg_arrival_tiny_g, layout_loops_ring,
          chequers_ecumenical_altar_twisty, grunt_decor_arrowhead,
          chequers_serial_rivers_small_a
D:2:      layout_rooms, nicolae_underground_beach, uniq_crazy_yiuf_cottage,
          uniq_terence, uniq_sigmund

Skill      XL: |  1  2  3 |
---------------+----------+-----
Ranged Weapons | 5 |  5.0
Fighting       | |  2.5
Armour         | |  0.4
Dodging        | |  1.5
Stealth        | |  1.1

Action                     || total
---------------------------++-------
   Fire: Shortbow          ||   102
    Use: Scroll            ||     2
         Potion            ||     2
 Armour: Leather armour    ||    17
         Ring mail         ||    23
  Dodge: Dodged            ||    41

Table legend:
 A = Non-vault XP
 B = Vault XP
 C = Vault XP percentage of total XP
 D = Non-vault monster count
 E = Vault monster count
 F = Vault count percentage of total count
                 A         B        C        D         E       F
            +---------+---------+-------+---------+---------+-------
      Total |      61 |       0 |   0.0 |      34 |       0 |   0.0
            +---------+---------+-------+---------+---------+-------
        D:1 |      55 |       0 |   0.0 |      30 |       0 |   0.0
        D:2 |       6 |       0 |   0.0 |       4 |       0 |   0.0
            +---------+---------+-------+---------+---------+-------
